 Dungeon Crawl Stone Soup version 0.31.0-11-ge490571c62 (webtiles) character file.

Game seed: 11266352857931551435

128 Killerpretzel the Changeling (level 5, -5/34 HPs)
             Began as an Octopode Shapeshifter on Feb 9, 2024.
             Slain by a gnoll
             ... wielding a +1 flail of protection
             ... led by a gnoll bouda
              (15 damage)
             ... on level 4 of the Dungeon.
             The game lasted 00:06:35 (3044 turns).

Killerpretzel the Changeling (OpSh)                 Turns: 3044, Time: 00:06:36

Health: -5/34      AC:  1    Str: 13    XL:     5   Next: 12%
Magic:  14/14      EV: 13    Int: 13    God:
Gold:   114        SH:  0    Dex: 13    Spells: 4/4 levels left

rFire   . .          .
                       - Unarmed
rCold   + . .        (no shield)
rNeg    . . .        r - melded +2 hat
rPois   .            (no amulet)
rElec   .            h - ring of protection from cold
rCorr   .            n - ring of magical power
SInv    .            (no ring)
Will    .....        (no ring)
Stlth   ++           (no ring)
HPRegen 0.25/turn    (no ring)
MPRegen 0.14/turn    (no ring)
                     (no ring)

%: no passive effects
@: beast-form, weakened
A: beast (slay +2), almost no armour, amphibious, 8 rings, camouflage 1,
gelatinous body 1, (nimble swimmer 1), tentacles
a: Begin Untransformation


You were on level 4 of the Dungeon.
You were a hulking beast.
You visited 1 branch of the dungeon, and saw 4 of its levels.

You collected 114 gold pieces.

Inventory:

Armour
 r - a +2 hat (melded)
Jewellery
 h - a ring of protection from cold (left tentacle)
 k - a ring of fire
 n - a ring of magical power (right tentacle)
Talismans
 b - a beast talisman (active)
 c - a flux talisman
Scrolls
 g - 3 scrolls of immolation {unknown}
 i - a scroll of vulnerability {unknown}
 m - a scroll of identify {unknown}
 p - a scroll of blinking {unknown}
 s - a scroll of poison {unknown}
Potions
 a - 2 potions of lignification
 d - 2 potions of enlightenment {unknown}
 e - 2 potions of magic {unknown}
 f - a potion of haste {unknown}
 j - a potion of brilliance {unknown}
 l - a potion of curing {unknown}
 o - a potion of invisibility {unknown}
 q - a potion of degeneration {unknown}


   Skills:
 + Level 2.2 Fighting
 + Level 2.8 Dodging
 + Level 3.6 Unarmed Combat
 * Level 4.0 Shapeshifting


You had 4 spell levels left.
You didn't know any spells.
Your spell library contained the following spells:

 Spells                   Type           Power      Damage    Failure   Level
 Sandblast                Erth           0%         2d4       30%         1
 Passwall                 Erth           0%         N/A       67%         3
 Stone Arrow              Conj/Erth      0%         3d7       67%         3
 Brom's Barrelling Bould  Conj/Erth      0%         2d3       97%         4


Dungeon Overview and Level Annotations

Branches:
Dungeon (4/15)
 Temple: D:4-7

Altars:


Innate Abilities, Weirdness & Mutations

You are a hulking beast.
Your limbs bulge with bestial killing power. (Slay +2)
You cannot wear most types of armour.
You are amphibious.
You can wear up to eight rings at the same time.
Your skin changes colour to match your surroundings (Stealth+).
Your rubbery body absorbs attacks. (AC +1, EV +1)
((You are camouflaged when in or above water. (Stealth+)))
You have tentacles for arms and can constrict up to eight enemies at once.


Message History

You hear a shout!
The gnoll hits you with a +1 flail of protection!
An orc comes into view. It is wielding a +0 dagger.
You tentacle-slap the gnoll. You grab the gnoll.
You squeeze the gnoll, but do no damage.
The gnoll is heavily wounded.
You constrict the gnoll, but do no damage.
The gnoll bouda barks out a call to the hunt!
The gnolls pick up the pace!
The gnoll barely misses you.
You tentacle-slap the gnoll.
The gnoll is heavily wounded.
You constrict the gnoll, but do no damage.
The gnoll closely misses you. The giant cockroach barely misses you.
The gnoll closely misses you.
You tentacle-slap the gnoll.
The gnoll is severely wounded.
You constrict the gnoll.
The gnoll bouda gazes fiercely through you!
You feel your attacks grow feeble.
The gnoll struggles to escape constriction.
The giant cockroach bites you.
You tentacle-slap the gnoll but do no damage.
You squeeze the gnoll, but do no damage.
The gnoll is almost dead.
You constrict the gnoll, but do no damage.
The gnoll escapes!
The giant cockroach bites you but does no damage.
The gnoll hits you with a +1 flail of protection.
You closely miss the gnoll. You grab the gnoll.
The gnoll is almost dead.
You constrict the gnoll. The gnoll hits you with a +0 club.
The gnoll hits you from afar with a +0 halberd!
* * * LOW HITPOINT WARNING * * *
The giant cockroach barely misses you.
You are too injured to fight recklessly!
There are monsters nearby!
You release your grip on the gnoll.
The gnoll hits you with a +1 flail of protection!
You die...

........## #...#
.# . .#####...##
#....#
#....####......#
#.##...#..###....
#. ##....# .....
#. ##..## .....
#. ##.##
...##..##
........h###
.......g.gJ#
........gB......
.........go.....
................
................
................
........<......
...............


You could see a gnoll bouda, 3 gnolls, an orc, an endoplasm and a giant
cockroach.

Vanquished Creatures
  A jelly (D:3)
  4 adders
  A dart slug (D:1)
  4 ribbon worms
  An orc (D:3)
  8 ball pythons
  2 endoplasms
  3 giant cockroaches
  A goblin (D:3)
  10 hobgoblins
  3 jackals
  A quokka (D:1)
  3 bats
  2 frilled lizards
  2 kobolds
  4 rats
50 creatures vanquished.

Notes
Turn   | Place    | Note
-------+----------+-------------------------------------------
     0 | D:1      | Killerpretzel the Octopode Shapeshifter began the quest for
                  | the Orb.
     0 | D:1      | Reached XP level 1. HP: 13/13 MP: 1/1
   105 | D:1      | Reached XP level 2. HP: 17/18 MP: 2/2
  1076 | D:2      | Reached XP level 3. HP: 23/23 MP: 3/3
  1784 | D:3      | Reached XP level 4. HP: 26/29 MP: 4/4
  2083 | D:3      | Reached skill level 4 in Shapeshifting
  2083 | D:3      | Reached XP level 5. HP: 34/34 MP: 5/5
  3044 | D:4      | Slain by a gnoll

Illustrated notes

Levels and vault maps discovered:
D:1:      minmay_arrival_three_doors, layout_basic
D:2:      layout_rooms
D:3:      layout_basic, minmay_checkerbox
D:4:      layout_layer_cave, serial_shops, shop, uniq_natasha

Skill      XL: |  1  2  3  4 |
---------------+-------------+-----
Fighting       | 2 |  2.2
Shapeshifting  | 4 |  4.0
Dodging        | |  2.8
Unarmed Combat | |  3.6

Action                     |  1- 3 |  4- 6 || total
---------------------------+-------+-------++-------
  Melee: Unarmed           |    61 |    45 ||   106
         Constrict         |    18 |    13 ||    31
         Tentacles         |    19 |     8 ||    27
         Punch             |     4 |     1 ||     5
   Stab: Sleeping          |     4 |     3 ||     7
 Armour: Skin              |    26 |    23 ||    49
  Dodge: Dodged            |    40 |    23 ||    63
   Form: Beast             |       |     2 ||     2
                           |       |     1 ||     1
